 Dungeon Crawl Stone Soup version 0.19-a0-1740-g0bcaf2e (webtiles) character file.

303 Miyamura the Ducker (level 6, -8/61 HPs)
             Began as a Troll Fighter on Oct 2, 2016.
             Was a Believer of Cheibriados.
             Mangled by a gnoll
             ... wielding a +0 spear
              (9 damage)
             ... on level 3 of the Dungeon.
             The game lasted 00:06:57 (2612 turns).

Miyamura the Ducker (Troll Fighter)                 Turns: 2612, Time: 00:06:59

Health: -8/61      AC:  6    Str: 28 (30) XL:     6   Next: 15%
Magic:  0/5        EV:  9    Int:  7 (10) God:    Cheibriados [**....]
Gold:   176        SH: 10    Dex: 13 (15) Spells: 0 memorised, 5 levels left

rFire  . . .     SeeInvis .     a - +0 flail
rCold  . . .     Gourm    +     b - +0 robe
rNeg   . . .     Faith    .     c - +0 shield
rPois  .         Spirit   .     (helmet restricted)
rElec  .         Dismiss  .     e - +0 cloak (curse)
rCorr  .         Reflect  .     (gloves unavailable)
MR     .....     Harm     +     (boots unavailable)
Stlth  ++........               s - amulet of harm
                                (no ring)
                                h - ring of stealth

@: very slow
A: unfitting armour, claws 3, fast metabolism 3, gourmand, regeneration 1,
shaggy fur 1, tough skin 2
a: Bend Time, Renounce Religion


You were on level 3 of the Dungeon.
You worshipped Cheibriados.
Cheibriados was pleased with you.
You were completely stuffed.

You visited 1 branch of the dungeon, and saw 3 of its levels.

You collected 176 gold pieces.

Inventory:

Hand Weapons
 a - a +0 flail (weapon)
Missiles
 p - 89 stones (quivered)
Armour
 b - a +0 robe (worn)
 c - a +0 shield (worn)
 e - a cursed +0 cloak (worn)
Jewellery
 h - a ring of stealth (left claw)
 s - an amulet of harm (around neck)
Scrolls
 d - a scroll of fog
 k - 2 scrolls of enchant weapon
 n - 3 scrolls of remove curse
Comestibles
 f - 3 bread rations
 q - 3 meat rations
 r - a slice of pizza


   Skills:
 + Level 3.4 Fighting
 * Level 3.2 Maces & Flails
 + Level 3.6 Dodging
 + Level 3.5 Shields


You had 5 spell levels left.
You didn't know any spells.

Dungeon Overview and Level Annotations

Branches:
Dungeon (3/15)

Altars:
Cheibriados
Gozag
Sif Muna


Innate Abilities, Weirdness & Mutations

You are too large for most types of armour.
You have claws for hands.
Your metabolism is lightning-fast.
You like to eat raw meat.
Your natural rate of healing is unusually fast.
You are covered in fur. (AC +1)
You have very tough skin. (AC +2)


Message History

The gnoll closely misses you. The gnoll hits you but does no damage.
You block the gnoll's attack. The gnoll barely misses you.
The gnoll hits you but does no damage. You block the gnoll's attack.
Things that are here:
a club; a scroll of enchant weapon You barely miss the gnoll.
The gnoll barely misses you. You block the gnoll's attack.
You closely miss the gnoll. The gnoll barely misses you.
The gnoll hits you with a spear!
* * * LOW HITPOINT WARNING * * *
The gnoll hits you but does no damage. The flow of time bends around you.
Cheibriados rebukes the gnoll.
The gnoll seems to slow down.
Cheibriados rebukes the gnoll.
The gnoll seems to slow down.
You feel slightly less full.
Cheibriados lowers the support of your attributes as your movement quickens.
The gnoll hits you with a spear!
You die...

#....###'## #.......
..##.รท........ #......)
..##..........
##......................
........###.#...........
........# #.#...........
........# #.#.#########)
......gg# #.#.# #)
.......@###'#'####### #)
...............##...# #.
....)...........#.#.###.
####............#.#.....
#............#.#.....
#.................###
#...........##.#..#
########.......#..#
#########..#


You could see 2 gnolls.

Vanquished Creatures
  Sigmund (D:2)
  Robin (D:2)
  2 adders (D:3)
  3 gnolls
  2 river rats (D:3)
  An ooze (D:2)
  A dart slug (D:2)
  6 leopard geckos
  2 orcs (D:3)
  2 giant cockroaches (D:2)
  13 goblins
  13 hobgoblins
  4 jackals (D:1)
  3 quokkas (D:2)
  7 bats
  6 frilled lizards
  5 kobolds
  8 rats
80 creatures vanquished.

Notes
Turn   | Place    | Note
-------+----------+-------------------------------------------
     0 | D:1      | Miyamura the Troll Fighter began the quest for the Orb.
     0 | D:1      | Reached XP level 1. HP: 22/22 MP: 0/0
   136 | D:1      | Reached XP level 2. HP: 29/29 MP: 1/1
   535 | D:1      | Reached XP level 3. HP: 34/36 MP: 2/2
   879 | D:2      | Found an opulent altar of Gozag.
   882 | D:2      | Found a snail-covered altar of Cheibriados.
   893 | D:2      | Became a worshipper of Cheibriados the Contemplative
  1160 | D:2      | Noticed Robin
  1162 | D:2      | Reached * piety under Cheibriados
  1169 | D:2      | Killed Robin
  1176 | D:2      | Reached XP level 4. HP: 39/44 MP: 3/3
  1221 | D:2      | Noticed Sigmund
  1229 | D:2      | Killed Sigmund
  1229 | D:2      | Reached XP level 5. HP: 40/53 MP: 4/4
  1984 | D:3      | Reached ** piety under Cheibriados
  2283 | D:3      | Reached XP level 6. HP: 48/61 MP: 5/5
  2431 | D:3      | Found a deep blue altar of Sif Muna.
  2611 | D:3      | HP: 1/61 [gnoll/spear (10)]
  2612 | D:3      | Mangled by a gnoll

Vault maps used:
D:1:      sevenhm_arrival_forest_fort_small_4
D:2:      grunt_temple_overflow_open, uniq_robin, uniq_sigmund
D:3:      lemuel_crystal_altar, gup_sewer_entry_spiral, first_bread,
          uniq_crazy_yiuf_cottage

Skill      XL: |  1  2  3  4 |
---------------+-------------+-----
Maces & Flails | 2 3 |  3.2
Dodging        | 3 |  3.6
Fighting       | 3 |  3.4
Shields        | 3 |  3.5

Action                   |  1- 3 |  4- 6 || total
-------------------------+-------+-------++-------
Melee: Flail             |   123 |   141 ||   264
Invok: Bend Time         |       |     2 ||     2
  Use: Potion            |       |     7 ||     7
       Scroll            |       |     8 ||     8
  Eat: Chunk             |    12 |    14 ||    26
Armor: Robe              |    52 |    78 ||   130
Dodge: Dodged            |    55 |    96 ||   151
Block: Shield            |    66 |   140 ||   206
